3AAA
BRINKLEY BELUGAS @ HIALEAH DODOS
07/25/2024
 
TOP OF THE 1ST
Brinkley Belugas batting - Pitching for Hialeah Dodos : LHP Travis Grant
Pitching: LHP Travis Grant
Batting: RHB Parker Smith 0-0: Called Strike
0-1: Ball
1-1: Ball
2-1: Foul Ball, location: 2F
2-2: Ball
3-2: Base on Balls
Batting: RHB Alfonso Enríquez 0-0: Called Strike
0-1: Swinging Strike
0-2: Strikes out looking
Batting: RHB Sergio Ortíz 0-0: Ball
1-0: Swinging Strike
1-1: Swinging Strike
1-2: Ball
2-2: Strikes out looking
Batting: RHB Pablo Alyala 0-0: Ground out 4-3 (Groundball, 4)
Top of the 1st over - 0 run(s), 0 hit(s), 0 error(s), 1 left on base; Brinkley 0 - Hialeah 0
BOTTOM OF THE 1ST
Hialeah Dodos batting - Pitching for Brinkley Belugas : LHP Terry King
Pitching: LHP Terry King
Batting: RHB Aurelio Álvarez 0-0: Ball
1-0: Ball
2-0: Ball
3-0: Called Strike
3-1: Ground out 5-3 (Groundball, 5S)
Batting: SHB Vincente Ybarra 0-0: Foul Ball, location: 2F
0-1: Called Strike
0-2: Strikes out swinging
Batting: LHB Álex Burgos 0-0: Foul Ball, location: 2F
0-1: Ball
1-1: Called Strike
1-2: Ball
2-2: Foul Ball, location: 2F
2-2: Ball
3-2: DOUBLE (Line Drive, 9LM)
Batting: RHB Diego Bonilla 0-0: Called Strike
0-1: Foul Ball, location: 2F
0-2: Ball
1-2: Ball
2-2: Ball
3-2: Ground out 3-1 (Groundball, 34)
Bottom of the 1st over - 0 run(s), 1 hit(s), 0 error(s), 1 left on base; Brinkley 0 - Hialeah 0
TOP OF THE 2ND
Brinkley Belugas batting - Pitching for Hialeah Dodos : LHP Travis Grant
Batting: RHB Reggie Kahn 0-0: Swinging Strike
0-1: Foul Ball, location: 2F
0-2: Ball
1-2: Strikes out swinging
Batting: RHB Randy Tucker 0-0: Ball
1-0: Ball
2-0: Foul Ball, location: 2F
2-1: Ball
3-1: Called Strike
3-2: Base on Balls
Batting: RHB Chris Costa 0-0: Ball
Randy Tucker steals 2nd base
1-0: Ball
2-0: Fly out, F2 (Popup, 2LF)
Batting: LHB Mike Cook 0-0: Ball
1-0: Ball
2-0: Ball
3-0: Called Strike
3-1: Base on Balls
Batting: LHB Eric Porter 0-0: Fly out, F1 (Popup, 2R)
Top of the 2nd over - 0 run(s), 0 hit(s), 0 error(s), 2 left on base; Brinkley 0 - Hialeah 0
BOTTOM OF THE 2ND
Hialeah Dodos batting - Pitching for Brinkley Belugas : LHP Terry King
Batting: LHB Perry Bothof 0-0: Called Strike
0-1: Swinging Strike
0-2: Ball
1-2: Foul Ball, location: 2F
1-2: Ball
2-2: Strikes out swinging
Batting: RHB Pedro Longoria 0-0: Ball
1-0: Swinging Strike
1-1: Ball
2-1: Ball
3-1: Foul Ball, location: 2F
3-2: Base on Balls
Batting: LHB Jeff Rutherford 0-0: Fly out, F4 (Popup, 4)
Batting: RHB Javier Santos 0-0: Called Strike
0-1: Called Strike
0-2: Ball
Pedro Longoria steals 2nd base
1-2: Ball
2-2: Strikes out swinging
Bottom of the 2nd over - 0 run(s), 0 hit(s), 0 error(s), 1 left on base; Brinkley 0 - Hialeah 0
TOP OF THE 3RD
Brinkley Belugas batting - Pitching for Hialeah Dodos : LHP Travis Grant
Batting: RHB Parker Smith 0-0: Called Strike
0-1: Swinging Strike
0-2: Ball
1-2: Strikes out swinging
Batting: RHB Alfonso Enríquez 0-0: Fly out, F9 (Flyball, 9D)
Batting: RHB Sergio Ortíz 0-0: Foul Ball, location: 2F
0-1: Ball
1-1: Foul Ball, location: 2F
1-2: Fly out, F8 (Flyball, 8LXD)
Top of the 3rd over - 0 run(s), 0 hit(s), 0 error(s), 0 left on base; Brinkley 0 - Hialeah 0
BOTTOM OF THE 3RD
Hialeah Dodos batting - Pitching for Brinkley Belugas : LHP Terry King
Batting: RHB Vincente Rotham 0-0: Foul Ball, location: 2F
0-1: Called Strike
0-2: Ball
1-2: Ground out 1-3 (Groundball, 3S)
Batting: RHB Aurelio Álvarez 0-0: Ball
1-0: Called Strike
1-1: Ball
2-1: SINGLE (Groundball, 34D)
Batting: SHB Vincente Ybarra 0-0: Ball
1-0: Called Strike
Aurelio Álvarez is caught stealing 2nd base
1-1: Foul Ball, location: 2F
1-2: Ball
2-2: DOUBLE (Flyball, 7LM)
Batting: LHB Álex Burgos Balk!
Vincente Ybarra to third
0-0: Ball
1-0: Foul Ball, location: 2F
1-1: Ball
2-1: Ball
3-1: Called Strike
3-2: Fly out, F7 (Line Drive, 78S)
Bottom of the 3rd over - 0 run(s), 2 hit(s), 0 error(s), 1 left on base; Brinkley 0 - Hialeah 0
TOP OF THE 4TH
Brinkley Belugas batting - Pitching for Hialeah Dodos : LHP Travis Grant
Batting: RHB Pablo Alyala 0-0: Ball
1-0: SINGLE (Groundball, 6)
Batting: RHB Reggie Kahn 0-0: Ball
1-0: Foul Ball, location: 2F
1-1: Swinging Strike
1-2: DOUBLE (Line Drive, 7LS)
Pablo Alyala to third
Batting: RHB Randy Tucker 0-0: Swinging Strike
0-1: Ball
1-1: Fly out, F8 (Line Drive, 8LD)
Runner from 3rd tags up, SCORES, no throw
Reggie Kahn to third
Batting: RHB Chris Costa 0-0: Called Strike
0-1: Foul Ball, location: 2F
0-2: Foul Ball, location: 2F
0-2: Strikes out looking
Batting: LHB Mike Cook 0-0: Ball
1-0: Ball
2-0: Called Strike
2-1: Called Strike
2-2: Strikes out swinging
Top of the 4th over - 1 run(s), 2 hit(s), 0 error(s), 1 left on base; Brinkley 1 - Hialeah 0
BOTTOM OF THE 4TH
Hialeah Dodos batting - Pitching for Brinkley Belugas : LHP Terry King
Batting: RHB Diego Bonilla 0-0: DOUBLE (Flyball, 89M)
Batting: LHB Perry Bothof 0-0: Ball
1-0: Foul Ball, location: 2F
1-1: SINGLE (Line Drive, 34)
Diego Bonilla to third
Batting: RHB Pedro Longoria 0-0: Called Strike
0-1: Ball
1-1: DOUBLE (Groundball, 5L)
Diego Bonilla scores
Perry Bothof to third
Batting: LHB Jeff Rutherford 0-0: Ball
1-0: Foul Ball, location: 2F
1-1: Ball
2-1: Ball
3-1: Swinging Strike
3-2: Foul Ball, location: 2F
3-2: Fly out, F6 (Popup, 6)
Batting: RHB Javier Santos 0-0: Ball
1-0: Foul Ball, location: 2F
1-1: SINGLE (Line Drive, 8RS)
Perry Bothof scores
Pedro Longoria to third
Batting: RHB Vincente Rotham 0-0: Ball
1-0: Fly out, F9 (Flyball, 89M)
Runner from 3rd tags up, SCORES, throw made
Batting: RHB Aurelio Álvarez 0-0: Ball
1-0: Called Strike
1-1: Ball
2-1: SINGLE (Groundball, 56D) (infield hit)
Javier Santos to second
Pitching: RHP Jorge Guerrero
Batting: SHB Vincente Ybarra 0-0: Ball
1-0: Foul Ball, location: 2F
1-1: Foul Ball, location: 2F
1-2: Ball
2-2: Fly out, F8 (Flyball, 8RM)
Bottom of the 4th over - 3 run(s), 5 hit(s), 0 error(s), 2 left on base; Brinkley 1 - Hialeah 3
TOP OF THE 5TH
Brinkley Belugas batting - Pitching for Hialeah Dodos : LHP Travis Grant
Batting: LHB Eric Porter 0-0: Called Strike
0-1: Ball
1-1: Foul Ball, location: 2F
1-2: Strikes out looking
Batting: RHB Parker Smith 0-0: Ball
1-0: Called Strike
1-1: Ball
2-1: Foul Ball, location: 2F
2-2: Strikes out looking
Batting: RHB Alfonso Enríquez 0-0: Ball
1-0: Called Strike
1-1: Called Strike
1-2: Ball
2-2: Strikes out swinging
Top of the 5th over - 0 run(s), 0 hit(s), 0 error(s), 0 left on base; Brinkley 1 - Hialeah 3
BOTTOM OF THE 5TH
Hialeah Dodos batting - Pitching for Brinkley Belugas : RHP Jorge Guerrero
Batting: LHB Álex Burgos 0-0: Ball
1-0: Foul Ball, location: 2F
1-1: Swinging Strike
1-2: Fly out, F9 (Line Drive, 89M)
Batting: RHB Diego Bonilla 0-0: Ball
1-0: Ball
2-0: Fly out, F9 (Flyball, 9D)
Batting: LHB Perry Bothof 0-0: Swinging Strike
0-1: Foul Ball, location: 2F
0-2: Strikes out swinging
Bottom of the 5th over - 0 run(s), 0 hit(s), 0 error(s), 0 left on base; Brinkley 1 - Hialeah 3
TOP OF THE 6TH
Brinkley Belugas batting - Pitching for Hialeah Dodos : LHP Travis Grant
Batting: RHB Sergio Ortíz 0-0: Swinging Strike
0-1: Called Strike
0-2: Ball
1-2: Foul Ball, location: 2F
1-2: Ball
2-2: Strikes out swinging
Batting: RHB Pablo Alyala 0-0: Fly out, F8 (Flyball, 8LXD)
Batting: RHB Reggie Kahn 0-0: Ball
1-0: Swinging Strike
1-1: Called Strike
1-2: Strikes out swinging
Top of the 6th over - 0 run(s), 0 hit(s), 0 error(s), 0 left on base; Brinkley 1 - Hialeah 3
BOTTOM OF THE 6TH
Hialeah Dodos batting - Pitching for Brinkley Belugas : RHP Jorge Guerrero
Batting: RHB Pedro Longoria 0-0: Swinging Strike
0-1: Foul Ball, location: 2F
0-2: Ball
1-2: Strikes out swinging
Batting: LHB Jeff Rutherford 0-0: Foul Ball, location: 2F
0-1: Called Strike
0-2: Strikes out looking
Batting: RHB Javier Santos 0-0: Ball
1-0: Ball
2-0: Called Strike
2-1: Called Strike
2-2: Ball
3-2: Ground out 4-3 (Groundball, 4)
Bottom of the 6th over - 0 run(s), 0 hit(s), 0 error(s), 0 left on base; Brinkley 1 - Hialeah 3
TOP OF THE 7TH
Brinkley Belugas batting - Pitching for Hialeah Dodos : LHP Travis Grant
Batting: RHB Randy Tucker 0-0: Fly out, F8 (Line Drive, 8LM)
Batting: RHB Chris Costa 0-0: Called Strike
0-1: Hit by Pitch
Pinch Runner at 1st Jaime López:
Batting: LHB Mike Cook 0-0: Ball
1-0: Swinging Strike
1-1: Ball
2-1: SINGLE (Line Drive, 7S)
Jaime López to second
Batting: LHB Eric Porter 0-0: Fly out, F9 (Flyball, 9M)
Pinch Hitting: RHB Jim Unknown 0-0: Foul Ball, location: 2F
0-1: Called Strike
0-2: Strikes out looking
Top of the 7th over - 0 run(s), 1 hit(s), 0 error(s), 2 left on base; Brinkley 1 - Hialeah 3
BOTTOM OF THE 7TH
Hialeah Dodos batting - Pitching for Brinkley Belugas : RHP Jorge Guerrero
Now at 2B: Jaime López
Now at SS: Arturo Read
Batting: RHB Vincente Rotham 0-0: Fly out, F3 (Popup, 3DF)
Batting: RHB Aurelio Álvarez 0-0: Ball
1-0: Ball
2-0: Swinging Strike
2-1: Called Strike
2-2: Foul Ball, location: 2F
2-2: Strikes out swinging
Batting: SHB Vincente Ybarra 0-0: Foul Ball, location: 2F
0-1: Called Strike
0-2: Ball
1-2: Ball
2-2: SINGLE (Line Drive, 5D)
Batting: LHB Álex Burgos 0-0: Ball
1-0: Called Strike
1-1: Foul Ball, location: 2F
1-2: Foul Ball, location: 2F
1-2: Ball
2-2: Foul Ball, location: 2F
2-2: Fly out, F7 (Flyball, 78M)
Bottom of the 7th over - 0 run(s), 1 hit(s), 0 error(s), 1 left on base; Brinkley 1 - Hialeah 3
TOP OF THE 8TH
Brinkley Belugas batting - Pitching for Hialeah Dodos : LHP Travis Grant
Batting: RHB Alfonso Enríquez 0-0: Ball
1-0: Ball
2-0: Ball
3-0: Called Strike
3-1: Called Strike
3-2: Fly out, F8 (Line Drive, 8LD)
Pitching: LHP Jim Unknown
Batting: RHB Sergio Ortíz 0-0: Ball
1-0: Ball
2-0: Swinging Strike
2-1: Ball
3-1: Foul Ball, location: 2F
3-2: Strikes out looking
Batting: RHB Pablo Alyala 0-0: Called Strike
0-1: Ball
1-1: Called Strike
1-2: Fly out, F7 (Flyball, 7M)
Top of the 8th over - 0 run(s), 0 hit(s), 0 error(s), 0 left on base; Brinkley 1 - Hialeah 3
BOTTOM OF THE 8TH
Hialeah Dodos batting - Pitching for Brinkley Belugas : RHP Jorge Guerrero
Batting: RHB Diego Bonilla 0-0: Ball
1-0: Foul Ball, location: 2F
1-1: Foul Ball, location: 2F
1-2: Ball
2-2: Strikes out swinging
Pitching: RHP Alonso Cruz
Batting: LHB Perry Bothof 0-0: Ground out 4-3 (Groundball, 4)
Batting: RHB Pedro Longoria 0-0: Fly out, F8 (Flyball, 8LM)
Bottom of the 8th over - 0 run(s), 0 hit(s), 0 error(s), 0 left on base; Brinkley 1 - Hialeah 3
TOP OF THE 9TH
Brinkley Belugas batting - Pitching for Hialeah Dodos : LHP Jim Unknown
Batting: RHB Reggie Kahn 0-0: Ball
1-0: Called Strike
1-1: Foul Ball, location: 2F
1-2: Ball
2-2: Ground out 5-3 (Groundball, 5)
Batting: RHB Randy Tucker 0-0: Ball
1-0: Called Strike
1-1: Ball
2-1: Ground out 4-3 (Groundball, 4)
Batting: RHB Jaime López 0-0: Ball
1-0: Swinging Strike
1-1: Called Strike
1-2: Strikes out looking
Top of the 9th over - 0 run(s), 0 hit(s), 0 error(s), 0 left on base; Brinkley 1 - Hialeah 3
This league is powered by Out of the Park Baseball, the baseball management simulation game for PC, Mac and Linux
Monday, October 3rd, 2016 - OOTP Baseball 16.9 Build 39